Zalvim, chaotic male elven Ranger ----------- # #+.........| -----------.-- ###|.........| |....[.......| # |.........| |....<.....`..############..........| |............| # #|........`| | |.............######## #-------.--- ###### ....>.| |............| #############)####### [------- | -------------- # # ##......| ### #####|.....| # ###%|.....| ## ####|.....| -|------- ### [-...... |.......| % I|.....| |.....(..#########I#%------- |.......| # |........##### -------|- # Zalvim the Trailblazer Experience level: 6 Strength: 12 Dexterity: 12 Constitution: 15 Intelligence: 14 Wisdom: 13 Charisma: 7 Health: 0(43) Energy: 42(42) Def: 18 Gold: 342 Moves: 7243 Dungeon seed: jJF75lWvom-IGEGd Game ID: Zalvim_1632148850 Your Inventory: Weapons d - an uncursed +1 elven dagger (weapon in hand) e - an uncursed +1 elven bow (alternate weapon; not wielded) k - an uncursed +0 dagger D - a cursed -2 orcish bow E - 8 blessed poisoned +2 orcish arrows K - 16 uncursed poisoned +0 orcish arrows L - 4 cursed poisoned +0 orcish arrows M - 53 uncursed +2 elven arrows N - 32 uncursed +0 elven arrows O - 13 blessed +0 arrows Q - 32 uncursed +0 arrows (in quiver) Armor b - an uncursed +2 elven cloak (being worn) r - an uncursed +1 dwarvish roundshield (being worn) y - an uncursed +0 orcish chain mail (being worn) F - an uncursed +0 orcish helm I - an uncursed +0 pair of leather gloves P - an uncursed +0 mummy wrapping S - a blessed +0 dwarvish iron helm (being worn) Y - an uncursed +0 pair of iron shoes (being worn) Comestibles f - 2 uncursed lembas wafers z - 2 uncursed tripe rations Potions p - an uncursed potion of hallucination G - an uncursed potion of object detection Rings o - an uncursed ring of poison immunity v - an uncursed +1 ring of gain strength R - an uncursed ring of poison immunity Wands n - an uncursed wand of light (0:10) H - an uncursed wand of opening (0:7) Tools g - an uncursed +0 pick-axe l - an uncursed magic lamp s - an uncursed stethoscope w - an uncursed tin whistle x - an uncursed +0 pick-axe J - an uncursed mirror Gems q - an uncursed chrysoberyl stone Coins $ - 342 gold pieces Spells and supernatural/magical abilities: Name Level Category Cost Memory W - pray for help -- divine ? -- Your skills at the end: Fighting Skills wands [Basic] Weapon Skills dagger [Basic] bow [Skilled] Spellcasting Skills Final Attributes: You were piously aligned. You were immune to sleep. You were blinded. You saw invisible. You had automatic searching. You had infravision. You were stealthy. You were protected. Mars was noncommittal. You are dead. Vanquished creatures: a large mimic a small mimic 2 leprechauns a gnome king a dingo a housecat a gnome mummy a mountain nymph 11 Mordor orcs 5 Uruk-hai a fog cloud a yellow light 2 shriekers 5 gnome lords 3 gnomish wizards a gray ooze 2 ghouls a paper golem 2 giant ants a kitten 8 dwarves a homunculus a kobold lord 5 rothes 3 dwarf zombies 4 iguanas 11 killer bees 3 acid blobs a gas spore 5 hobbits a large kobold a hobgoblin 2 giant rats 3 brown molds 2 yellow molds 4 green molds a red mold 28 gnomes a gnome zombie 4 geckos 8 jackals a fox 5 kobolds 4 goblins 8 sewer rats 13 grid bugs 2 bats 9 lichens 7 kobold zombies 9 newts 199 creatures vanquished. Voluntary challenges: You had been an atheist until turn 3643. You used a wielded weapon 42 times, starting on turn 750. You read items or engraved 8 times, starting on turn 627. You never genocided any monsters. You never polymorphed an object. You never changed form. You used no wishes. You never split a pudding. You wrote Elbereth's name 5 times, starting on turn 627. You never violated your personal moral code. Dungeon overview: The Dungeons of Doom: levels 1 to 7 Level 1 a fountain a long staircase Level 2 some fountains stairs to The Gnomish Mines Level 3 a scroll shop Level 4 Level 5 a scroll shop, a vault Level 6 some altars to Venus Level 7 <- You were here The Gnomish Mines: levels 3 to 7 Level 3 stairs to The Dungeons of Doom Level 4 Level 5 Level 6 some shops, a temple to Venus, some fountains Level 7 History has recorded: On T:1 you entered the Dungeons of Doom to retrieve the Amulet of Yendor! On T:20 you reached level 2 of The Dungeons of Doom. On T:515 you reached level 3 of The Dungeons of Doom. On T:521 you reached level 4 of The Dungeons of Doom. On T:938 you reached level 1 of The Gnomish Mines. On T:1670 you reached level 5 of The Dungeons of Doom. On T:2223 you reached level 6 of The Dungeons of Doom. On T:3003 you reached level 2 of The Gnomish Mines. On T:3192 you reached level 3 of The Gnomish Mines. On T:3495 you reached level 4 of The Gnomish Mines. On T:4178 you advanced to experience level 2. On T:4197 you reached level 5 of The Gnomish Mines. On T:4619 you advanced to experience level 3. On T:4950 you advanced to experience level 4. On T:6078 you advanced to experience level 5. On T:6285 you reached level 7 of The Dungeons of Doom. On T:6473 you advanced to experience level 6. Score breakdown: Gold: 342 ( 8624 points) Experience: 6 levels (12456 points) Exploration: 7 levels ( 14.29%) (10606 points) Discoveries: 12 items ( 4.07%) ( 6050 points) Valuables value: (no points given unless you survive) Artifact value: 0 ( 0 points) Variety of kills: 50 monsters ( 13.16%) (10882 points) Turncount: 7243 turns (-1902 points) Survival: died (score multiplied by 80%) Total score: 37372 Latest messages: [2 turns] (2x) There's some graffiti on the floor here. You read: "Some quc ??cns the Sphyrx ?sks just *dor'?* have any ?r??ers.". You see here a beartrap. [2 turns] (5x) You see here a mountain nymph corpse. The gnome king reads a scroll labeled XIXAXA XOXAXA XUXAXA! The gnome king has found a scroll of stinking cloud! It must be a scroll of stinking cloud. Something is burning your lungs! You cough and spit blood! Something is burning your lungs! You cough and spit blood! Wait! There's something there you can't see! Something is burning your lungs! You cough and spit blood! Something is burning your lungs! You cough and spit blood! [2 turns] You sense a monster nearby! Something is burning your lungs! You cough and spit blood! Elf, your life force is running out. Wait! There's something there you can't see! It hits! You die... Final status: Goodbye Zalvim the Ranger, killed by a gnome king... You died in The Dungeons of Doom on dungeon level 7 with 37372 points, and 342 pieces of gold, after 7243 moves. You were level 6 with a maximum of 43 hit points when you died.